 Dungeon Crawl Stone Soup version 0.16-a0-3115-g4870798 (webtiles) character file.

1418179 Johnny the Human Arbalest (level 27, -1/193 (224) HPs)
             Began as a Human Hunter on Dec 9, 2014.
             Was the Champion of Okawaru.
             Killed from afar by a Hell Sentinel (29 damage)
             ... with a blast of hellfire
             ... on level 7 of the Iron City of Dis on Dec 13, 2014.
             The game lasted 17:03:16 (137295 turns).

Johnny the Human Arbalest (Human Hunter)          Turns: 137295, Time: 17:03:16

HP:   -1/193 (224)  AC: 47    Str: 22    XL:     27
MP:   15/51         EV: 28    Int: 21    God:    Okawaru [******]
Gold: 9407          SH:  0    Dex: 22    Spells: 9 memorised, 8 levels left

rFire  + + +     SeeInvis +     s - +15 heavy crossbow "Sniper" {velocity, SInv}
rCold  + + .     Clarity  .     N - +8 fire dragon armour
rNeg   + + +     SustAb   .     (no shield)
rPois  ∞         Gourm    .     M - +2 helmet of Cheibriados' Delight {Str+3 Int+2} (curse)
rElec  +         Spirit   .     v - +2 cloak {MR+}
rCorr  .         Warding  .     S - +2 pair of gloves {archery}
rMut   +         Stasis   .     J - +3 pair of boots "Sketrear" {Str+3 Int+3 Slay+6}
MR     +++++                    X - amulet of resist mutation
Stlth  +++++.....               H - ring of Qazlal's Outrage {rElec rF+ rC++ MP+9 Stlth+}
                                c - ring of the Mage {Wiz MR++ Int+3}

@: lich-form, very slightly contaminated, almost entirely resistant to hostile
enchantments, quite stealthy
A: slimy green scales 1, breathe flames 1
a: End Transformation, Heroism, Finesse, Renounce Religion, Breathe Fire
}: 14/15 runes: decaying, slimy, silver, golden, obsidian, icy, bone, abyssal,
demonic, glowing, magical, fiery, dark, gossamer


You were on level 7 of the Iron City of Dis.
You worshipped Okawaru.
Okawaru was exalted by your worship.
You were not hungry.
You were a lich.
You visited 17 branches of the dungeon, and saw 96 of its levels.
You visited Pandemonium 1 time, and saw 27 of its levels.
You visited the Abyss 3 times.
You visited 2 ziggurats, and saw 21 of their levels (deepest: 15).
You also visited: Ossuary.

You collected 17574 gold pieces.
You spent 8167 gold pieces at shops.

Inventory:

Hand weapons
 g - a +1 great sword of flaming
 s - the +15 heavy crossbow "Sniper" (weapon) {velocity, SInv}
   (You found it on level 3 of the Tomb of the Ancients)

   Any bolt fired from it inflicts extra damage.
   It enhances your eyesight.
 u - the +9 arbalest "Qakabb" {elec, rElec MR+ Int-1 Stlth+}
   (Okawaru gifted it to you on level 3 of the Iron City of Dis)

   It charges the ammunition it shoots with electricity; occasionally upon a
   hit, such missiles may discharge and cause terrible harm.
   It affects your intelligence (-1).
   It insulates you from electricity.
   It affects your resistance to hostile enchantments.
   It makes you more stealthy.
 y - the +8 hand crossbow of Distraction {penet, rC+}
   (You found it on level 5 of a ziggurat)

   Ammo fired by it will pass through the targets it hits, potentially hitting
   all targets in its path until it reaches maximum range.
   It protects you from cold.
 D - the +10 arbalest of Linearity {velocity, rF++ MR++ SInv}
   (Okawaru gifted it to you on level 1 of the Tomb of the Ancients)

   Any bolt fired from it inflicts extra damage.
   It greatly protects you from fire.
   It affects your resistance to hostile enchantments.
   It enhances your eyesight.
 I - the +6 arbalest "Hellfire" {hellfire, rF++ rC- MR+}
   (Okawaru gifted it to you on level 4 of Cocytus)

   It greatly protects you from fire.
   It makes you vulnerable to cold.
   It affects your resistance to hostile enchantments.
 T - the +6 arbalest of Dishonesty {penet, Str+3}
   (Okawaru gifted it to you in Pandemonium)

   Ammo fired by it will pass through the targets it hits, potentially hitting
   all targets in its path until it reaches maximum range.
   It affects your strength (+3).
Missiles
 W - 24 bolts (quivered)
Armour
 v - a +2 cloak of magic resistance (worn)
 J - the +3 pair of boots "Sketrear" (worn) {Str+3 Int+3 Slay+6}
   (You bought it in a shop on level 4 of the Orcish Mines)

   It affects your strength (+3).
   It affects your intelligence (+3).
   It affects your accuracy and damage with ranged weapons and melee attacks
   (+6).
 M - the cursed +2 helmet of Cheibriados' Delight (worn) {Str+3 Int+2}
   (You bought it in a shop on level 1 of the Vaults)

   It affects your strength (+3).
   It affects your intelligence (+2).
   It has a curse placed upon it.
 N - a +8 fire dragon armour (worn)
 S - a +2 pair of gloves of archery (worn)
Jewellery
 a - the amulet of Hiuzyod {rCorr +Fly rElec rF+}
   (You found it on level 6 of a ziggurat)

   [amulet of resist corrosion]

   It protects you from acid and corrosion.
   It protects you from fire.
   It insulates you from electricity.
   It lets you fly.
 c - the ring of the Mage (left hand) {Wiz MR++ Int+3}
   (You found it on level 15 of a ziggurat)

   [ring of wizardry]

   It improves your spell success rate.
   It affects your intelligence (+3).
   It affects your resistance to hostile enchantments.
 H - the ring of Qazlal's Outrage (right hand) {rElec rF+ rC++ MP+9 Stlth+}
   (You bought it in a shop on level 1 of the Orcish Mines)

   [ring of magical power]

   It protects you from fire.
   It greatly protects you from cold.
   It insulates you from electricity.
   It affects your magic capacity (+9).
   It makes you more stealthy.
 X - an amulet of resist mutation (around neck)
Magical devices
 b - a wand of teleportation (4)
 j - a wand of digging (10)
Scrolls
 e - 4 scrolls of blinking
 k - 14 scrolls of teleportation
 m - 45 scrolls of remove curse
 r - 10 scrolls of fog
 w - 9 scrolls of recharging
 B - 7 scrolls of fear
 Q - 5 scrolls of silence
 Y - a scroll of holy word
Potions
 i - 6 potions of brilliance
 l - a potion of curing
 n - 5 potions of resistance
 o - 5 potions of might
 t - a potion of magic
 z - 4 potions of flight
 F - 6 potions of invisibility
 G - 10 potions of cure mutation
 P - 3 potions of agility
 R - a potion of cancellation
 U - 2 potions of restore abilities
Miscellaneous
 d - a lamp of fire
 h - a fan of gales
 p - a fan of gales
 x - a lamp of fire
 A - a phial of floods
 E - a fan of gales
 K - a crystal ball of energy
 L - a lamp of fire
 O - a phial of floods
 Z - a phial of floods
Comestibles
 f - 41 bread rations


   Skills:
 - Level 19.9 Fighting
 O Level 27 Crossbows
 - Level 19.0 Armour
 - Level 20.2 Dodging
 - Level 12.3 Stealth
 + Level 15.7 Spellcasting
 O Level 27 Conjurations
 - Level 10.1 Charms
 - Level 23.9 Necromancy
 - Level 4.4 Translocations
 - Level 21.8 Transmutations
 - Level 23.6 Fire Magic
 - Level 23.1 Ice Magic
 * Level 20.0 Evocations


You had 8 spell levels left.
You knew the following spells:

 Your Spells              Type           Power        Failure   Level  Hunger
a - Blink                 Tloc           N/A          1%          2    N/A
b - Control Undead        Necr           ########..   0%          4    N/A
c - Flight                Chrm/Air       #####.....   1%          3    N/A
d - Dispel Undead         Necr           ########     0%          5    N/A
e - Regeneration          Chrm/Necr      #######...   0%          3    N/A
f - Fire Storm            Conj/Fire      #######...   9%          9    N/A
g - Necromutation         Trmt/Necr      ########..   1%          8    N/A
h - Haste                 Chrm           ######..     4%          6    N/A
j - Glaciate              Conj/Ice       #######...   9%          9    N/A

Dungeon Overview and Level Annotations

Branches:
Dungeon (15/15)            Temple (0/1) D:5            Lair (8/8) D:9
  Swamp (5/5) Lair:5       Spider (5/5) Lair:6        Slime (6/6) Lair:8
    Orc (4/4) D:10            Elf (3/3) Orc:4        Vaults (5/5) D:13
  Crypt (3/3) Vaults:3       Tomb (3/3) Crypt:3      Depths (5/5) D:15
   Hell (1/1)                 Dis (7/7) Hell            Geh (7/7) Hell
    Coc (7/7) Hell            Tar (7/7) Hell            Zot (5/5) Depths:5

Altars:
Cheibriados
Dithmenos
Elyvilon
Fedhas
Makhleb
Nemelex Xobeh
Okawaru
Qazlal
Ru
Sif Muna
Trog
Vehumet
Xom
Zin
The Shining One
Beogh
Jiyva

Shops:
D:8 %   Orc:1 =   Orc:4 =[(=:   Vaults:1 [   Depths:1 *

Portals:
Hell: Depths:1 Depths:2 Depths:3 Depths:4 Depths:5
Abyss: Depths:4
Pandemonium: Depths:3

Annotations:
Orc:3 runed door
Elf:2 runed door


Innate Abilities, Weirdness & Mutations

You are partially covered in slimy green scales (AC +2).
You can breathe flames.


Message History

Unknown command.
Firing (i - inventory):
W - 26 bolts (quivered)
Press: ? - help, Shift-Dir - straight line, f/p - Hell Sentinel
Aim: a Hell Sentinel (almost dead)
You shoot a bolt.
The bolt completely misses the Hell Sentinel.
The Hell Sentinel barely misses you. The Hell Sentinel closely misses you.
The Hell Sentinel gestures at you.
The hellfire explodes!
The blast of hellfire engulfs you!
* * * LOW HITPOINT WARNING * * *
The blast of hellfire engulfs the Hell Sentinel.
The Hell Sentinel completely resists.
Firing (i - inventory):
W - 25 bolts (quivered)
Press: ? - help, Shift-Dir - straight line, f/p - Hell Sentinel
Aim: a Hell Sentinel (almost dead)
You shoot a bolt. The bolt hits the Hell Sentinel!
The Hell Sentinel is almost dead.
The Hell Sentinel gestures at you.
The hellfire explodes!
The blast of hellfire engulfs you!
You die...

.... ....
#.... #...1
#.... . ...
###### §§(
#....#(...
#L1(((....#
#..((#....
#....#
#.)..#
#....#
#....#
######


You could see a Hell Sentinel.

Vanquished Creatures
  Antaeus (Coc:7)
  Asmodeus (Geh:7)
  Cerebov (Pan)
  the royal jelly (Slime:6)
  Dissolution (Slime:4)
  the Serpent of Hell (Geh:7)
  Ereshkigal (Tar:7)
  Gloorx Vloq (Pan)
  A seraph (Pan)
  Mnoleg (Pan)
  Lom Lobon (Pan)
  8 orbs of fire
  13 ancient liches
  The ghost of runewalsh the Sensei, a legendary OpTm of Ashenzari (Tomb:3)
  30 greater mummies
  24 pandemonium lords
  4 shard shrikes (Coc:6)
  Boris (twice) (Vaults:2 Depths:3)
  Margery (Crypt:2)
  Norris (Depths:2)
  Saint Roka (Depths:5)
  10 Killer Klowns
  5 curse toes
  Mara (Swamp:3)
  Mennas (Pan)
  19 golden dragons
  Geryon (Hell)
  2 profane servitors (Abyss:1)
  Jory (Crypt:3)
  2 pearl dragons (Pan)
  Xtahua (Crypt:2)
  Arachne (Spider:2)
  15 bone dragons
  6 electric golems
  30 Brimstone Fiends
  Nikola (Spider:4)
  The ghost of MackTheKnife the Executioner, a mighty MiBe of Trog (Geh:7)
  A caustic shrike (shapeshifter) (Zig:11)
  2 hellephants
  A caustic shrike (Depths:4)
  12 Hell Sentinels
  26 Ice Fiends
  15 tentacled monstrosities
  25 Orb Guardians (Zot:5)
  5 deep elf blademasters
  17 liches
  Asterion (Spider:4)
  21 titans
  A quicksilver dragon (Vaults:5)
  10 deep elf master archers
  23 Shadow Fiends
  32 Executioners
  20 acid blobs
  An octopode crusher (Depths:1)
  13 sphinxes
  20 tentacled starspawn
  8 ancient champions
  A sphinx (shapeshifter) (Vaults:5)
  Rupert (Lair:7)
  10 shadow dragons
  3 eldritch tentacles
  12 warmongers (Pan)
  5 thorn hunters
  5 tengu reavers
  20 storm dragons
  7 draconian monks
  Roxanne (Swamp:1)
  11 azure jellies
  17 daevas
  5 revenants
  Donald (Crypt:1)
  Wiglaf (Swamp:4)
  22 fire giants
  7 iron dragons
  18 frost giants
  7 draconian zealots
  Aizul (Vaults:2)
  Louise (Spider:4)
  3 draconian knights
  8 draconian scorchers
  An orc warlord (Zig:4)
  A greater naga (Zig:5)
  4 curse skulls
  34 cacodemons
  10 ghost moths
  20 vault wardens
  40 balrugs
  25 angels
  16 emperor scorpions
  33 stone giants
  3 war gargoyles
  12 draconian annihilators
  54 reapers
  16 deep elf sorcerers
  7 ghouls
  Jorgrun (Vaults:1)
  20 very ugly things
  5 spriggan defenders
  7 draconian shifters
  23 apis (Pan)
  3 elemental wellsprings (Coc:7)
  8 blood saints (Pan)
  A Killer Klown zombie (Zot:5)
  10 vampire knights
  10 grey draconians
  9 deep elf demonologists
  7 salamander firebrands
  15 green draconians
  The ghost of runewalsh the Black Belt, a powerful OpTm of Ashenzari (Lair:8)
  14 ophanim (Pan)
  4 dire elephants
  12 deep elf annihilators
  10 corrupters (Pan)
  8 chaos champions
  6 draconian callers
  8 black draconians
  22 lorocyprocas
  4 bennus
  8 purple draconians
  14 mottled draconians
  9 pale draconians
  8 red draconians
  11 yellow draconians
  10 white draconians
  4 unborn
  5 eidola
  7 black suns (Pan)
  A minotaur (Depths:2)
  20 fire dragons
  10 deep elf death magi
  12 ettins
  A crystal guardian (Abyss:5)
  33 blizzard demons
  A merfolk impaler (Depths:1)
  22 mummy priests
  9 death oozes
  25 green deaths (Pan)
  15 ironheart preservers
  11 rakshasas
  35 vault guards
  8 quicksilver dragon zombies
  5 deep elf high priests
  8 death cobs
  13 yaktaur captains
  Fannar (Lair:2)
  4 quicksilver dragon skeletons
  22 hydras
  8 jiangshi
  19 great orbs of eyes
  A naga warrior (Abyss:1)
  3 spriggan air magi
  33 ice dragons
  14 monstrous demonspawn (Pan)
  An anaconda (shapeshifter) (Zig:3)
  Erica (Lair:1)
  2 ghost crabs
  A ghost crab (shapeshifter) (Depths:4)
  8 centaur warriors
  19 dancing weapons
  An anaconda (Zig:5)
  6 death yaks
  The ghost of Kemay the Martial Artist, a powerful OpTm of Kikubaaqudgha (D:10)
  17 ogre magi
  5 alligators
  3 death knights
  3 tengu warriors
  7 deep troll shamans
  10 titan zombies
  7 vampire magi
  12 deep troll earth magi
  33 thrashing horrors
  26 hell hogs
  84 large abominations
  49 soul eaters
  5 spriggan berserkers
  2 orc high priests
  53 sun demons
  6 holy swine (Pan)
  5 storm dragon zombies
  2 iron golems
  2 catoblepae
  4 shock serpents
  Nergalle (Orc:4)
  4 titan skeletons
  4 fire crabs
  15 shadow wraiths
  63 hell knights
  34 deep elf knights
  25 wretched stars
  A fire crab (shapeshifter) (Vaults:1)
  11 iron trolls
  11 hell beasts
  31 death scarabs
  5 golden dragon zombies
  6 wizards
  82 skeletal warriors
  29 ice devils
  15 cherubim (Pan)
  A storm dragon skeleton (Tomb:3)
  A death drake (Tar:6)
  3 ghost moth zombies
  16 anaconda zombies
  43 anubis guards
  A ball lightning (Pan)
  14 gelid demonspawn (Pan)
  A salamander mystic (Geh:5)
  7 giant orange brains
  A lindwurm (Zot:4)
  5 spatial maelstroms
  22 infernal demonspawn (Pan)
  23 deep trolls
  14 unseen horrors
  An unseen horror (shapeshifter) (Depths:5)
  A sea snake (shapeshifter) (Vaults:5)
  2 spriggan druids
  13 deep elf summoners
  An ice statue (Coc:7)
  2 tengu zombies
  23 shadow demons
  29 putrid demonspawn (Pan)
  18 torturous demonspawn (Pan)
  9 swamp dragons
  11 hill giants
  15 ironbrand convokers
  2 shambling mangroves
  5 anaconda skeletons
  26 flayed ghosts
  15 necromancers
  A wolf spider zombie (Tar:7)
  4 manticores
  33 orb spiders
  4 iron dragon zombies
  A golden dragon skeleton (Geh:2)
  9 shadow dragon zombies
  9 harpies
  A red wasp (shapeshifter) (Depths:1)
  8 mana vipers
  An oklob plant (Zig:15)
  19 worldbinders
  8 griffons
  5 stone giant zombies
  15 orc knights
  7 fire giant zombies
  A cyclops (shapeshifter) (Elf:1)
  A lindwurm (shapeshifter) (Vaults:4)
  31 moths of wrath
  A draconian zombie (Zig:8)
  3 shadow dragon skeletons
  17 deep elf conjurers
  3 frost giant zombies
  12 salamanders
  An octopode (shapeshifter) (Vaults:5)
  43 wolf spiders
  22 red wasps
  6 iron dragon skeletons
  41 ugly things
  A black mamba (shapeshifter) (Depths:1)
  55 small abominations
  2 guardian serpents
  52 sixfirhies
  27 vault sentinels
  22 elephants
  5 orc sorcerers
  6 apocalypse crabs
  An elephant (shapeshifter) (Depths:5)
  17 phantasmal warriors
  2 storm dragon simulacra (Crypt:2)
  8 fire giant skeletons
  5 stone giant skeletons
  11 shining eyes
  9 frost giant skeletons
  An ugly thing skeleton (Abyss:1)
  A guardian serpent (shapeshifter) (D:15)
  7 dire elephant zombies
  A siren (Geh:7)
  Joseph (Lair:1)
  107 smoke demons
  2 cyclopes (Vaults:2)
  9 torpor snails
  11 molten gargoyles (Geh:7)
  34 rust devils
  9 black mambas
  21 spiny frogs
  84 orange demons
  2 emperor scorpion zombies
  2 naga magi (Zig:5)
  5 eyes of devastation
  2 spiny frogs (shapeshifter)
  A yellow draconian zombie (Zot:4)
  4 dire elephant skeletons
  An elephant slug zombie (Crypt:3)
  A yaktaur (shapeshifter) (Depths:3)
  33 demonic crawlers
  2 shock serpent skeletons
  28 yaktaurs
  33 hellions
  17 efreet
  An eye of devastation (shapeshifter) (Vaults:5)
  3 fire drakes
  8 komodo dragons
  An iron troll zombie (Crypt:2)
  2 anaconda simulacra (Hell)
  65 red devils
  A titan simulacrum (Tomb:3)
  14 ancient zymes
  A black draconian skeleton (Abyss:1)
  2 kobold demonologists
  25 fire elementals
  42 freezing wraiths
  An alligator snapping turtle skeleton (Crypt:3)
  A minotaur zombie (Geh:7)
  51 guardian mummies
  58 hellwings
  40 tormentors
  3 harpy zombies
  4 silent spectres
  A sea snake skeleton (Crypt:3)
  A queen bee (shapeshifter) (Vaults:4)
  A troll (shapeshifter) (Abyss:1)
  39 blue devils
  A queen bee (Lair:4)
  13 hydra zombies
  4 polar bears
  A wind drake (Zot:4)
  28 jumping spiders
  A tengu conjurer (D:13)
  5 harpy skeletons
  A wandering mushroom (Zot:2)
  10 trolls
  A catoblepas zombie (Crypt:2)
  23 two-headed ogres
  26 deep elf priests
  A giant leech (Swamp:1)
  A polar bear (shapeshifter) (Vaults:1)
  7 boulder beetles
  4 fire dragon zombies
  12 blink frogs
  8 hydra skeletons
  10 ravens
  A trapdoor spider zombie (D:10)
  A two-headed ogre (shapeshifter) (Vaults:4)
  4 ettin zombies
  12 bog bodies
  5 fire vortices
  A red wasp zombie (Crypt:2)
  A wolf spider simulacrum (Tomb:1)
  10 ushabtiu
  2 baby alligators (shapeshifter)
  7 baby alligators
  6 alligator zombies
  3 catoblepas skeletons
  128 slime creatures
  7 ice dragon zombies
  A snapping turtle (shapeshifter) (Vaults:5)
  37 raiju (Abyss:1)
  151 flying skulls
  7 basilisks
  A stone giant simulacrum (Crypt:2)
  A trapdoor spider (shapeshifter) (Depths:3)
  A frost giant simulacrum (Pan)
  A redback (shapeshifter) (Zig:3)
  40 deep elf magi
  A spectral black mamba (Pan)
  10 spriggans
  5 wyverns
  3 black mamba zombies
  18 yaks
  An alligator skeleton (Geh:7)
  52 redbacks
  20 trapdoor spiders
  3 ice dragon skeletons
  6 fire dragon skeletons
  48 wraiths
  15 fire bats
  52 shadows
  6 ettin skeletons
  2 black mamba skeletons
  A giant leech zombie (Crypt:2)
  55 neqoxecs
  Eustachio (D:5)
  38 tarantellas
  A fire bat (shapeshifter) (Depths:2)
  4 air elementals
  An elf zombie (Zig:6)
  58 vampires
  32 water elementals
  12 hippogriffs
  16 vampire mosquitoes
  4 wargs (Vaults:2)
  2 yaktaur simulacra
  19 chaos spawn
  59 deep elf fighters
  A golden eye (Pan)
  70 ynoxinuls
  A hog (shapeshifter) (Abyss:1)
  13 hungry ghosts
  A steam dragon (D:10)
  22 water moccasins
  4 insubstantial wisps (Abyss:1)
  2 nagas (Abyss:4)
  11 spatial vortices
  Edmund (D:4)
  A grey draconian simulacrum (Tomb:3)
  Menkaure (D:7)
  3 wolves (Lair:5)
  3 soldier ants (Lair:8)
  3 mottled dragons
  A spectral snapping turtle (Tomb:1)
  13 swamp worms
  8 spiny frog zombies
  6 porcupines
  A merfolk skeleton (Crypt:1)
  57 hell hounds
  33 orc warriors
  4 swamp drakes (Swamp:5)
  13 yellow wasps
  2 manticore zombies
  2 sky beasts
  4 spiny frog skeletons
  49 spiders
  A deep troll skeleton (Crypt:2)
  An eye of draining (shapeshifter) (Vaults:3)
  An elephant zombie (D:9)
  2 swamp dragon zombies (Depths:5)
  3 ettin simulacra
  5 black bears
  12 ice beasts
  3 phantoms
  A tengu (shapeshifter) (Abyss:5)
  22 necrophages
  57 ogres
  A swamp dragon skeleton (Geh:3)
  A boring beetle (shapeshifter) (Vaults:4)
  19 eyes of draining
  2 snapping turtle zombies
  3 snapping turtle skeletons
  An alligator simulacrum (Tomb:3)
  32 centaurs
  18 crocodiles
  A manticore skeleton (Pan)
  2 lost souls
  A boring beetle (Spider:4)
  A gnoll sergeant (D:6)
  A spectral water moccasin (Swamp:4)
  A vine stalker zombie (Crypt:1)
  2 big kobolds (D:14)
  10 brain worms
  19 giant frogs
  A salamander zombie (Crypt:1)
  A yaktaur skeleton (Crypt:2)
  2 earth elementals
  23 scorpions
  25 killer bees
  42 wights
  A spriggan zombie (Crypt:1)
  A raiju zombie (Abyss:1)
  2 human simulacra
  3 electric eels
  A troll zombie (Depths:5)
  5 goliath beetles
  2 spriggan skeletons
  A spectral giant frog (Swamp:4)
  2 boring beetle zombies (Crypt:3)
  9 centaur zombies
  28 jellies
  93 starcursed masses
  9 human zombies
  9 crimson imps
  11 hounds
  12 quasits
  A two-headed ogre zombie (Crypt:1)
  3 giant frog skeletons
  11 iguanas
  27 iron imps
  17 orc priests
  A centaur skeleton (D:5)
  2 gnoll shamans (D:6)
  18 orc wizards
  Natasha (twice) (D:5)
  A two-headed ogre skeleton (Crypt:2)
  5 hell rats
  15 worker ants
  24 sheep
  A brain worm zombie (Crypt:2)
  A centaur simulacrum (Tomb:1)
  2 ogre zombies (D:10)
  6 big kobold zombies
  A naga skeleton (Coc:4)
  A demigod skeleton (Crypt:2)
  A necrophage skeleton (Tar:7)
  An ogre skeleton (Geh:2)
  A felid skeleton (Crypt:3)
  A hound zombie (Crypt:1)
  A mottled dragon skeleton (Crypt:3)
  A hound skeleton (D:6)
  51 mummies
  38 gnolls
  A worker ant zombie (D:5)
  48 river rats
  28 adders
  3 scorpion zombies (Ossuary)
  4 giant mites
  28 white imps
  16 shadow imps
  8 worms
  79 ufetubi
  A sheep zombie (Crypt:1)
  142 orcs
  19 bats
  2 bat skeletons
  A bat zombie (D:5)
  11 giant cockroaches
  3 gnoll zombies
  25 goblins
  21 hobgoblins
  19 jackals
  9 quokkas
  A giant cockroach zombie (D:6)
  4 giant geckos
  3 giant newts
  2 giant spores
  3 goblin zombies
  5 hobgoblin zombies (Ossuary)
  A jackal zombie (D:9)
  24 kobolds
  A kobold skeleton (Coc:4)
  2 kobold zombies
  5 lurking horrors
  5 orc skeletons
  11 orc zombies
  12 rats
  A ballistomycete (D:7)
  12 blocks of ice
  A bush (Lair:7)
  3 butterflies (Tomb:3)
  5 crawling corpses
  7 fungi
  2 grand avatars (Pan)
  15 plants
  11 starspawn tentacles
  A starspawn tentacle segment (Abyss:1)
6664 creatures vanquished.

Vanquished Creatures (collateral kills)
  A greater mummy (Tomb:1)
  the Enchantress (Depths:5)
  A Hell Sentinel (Zig:5)
  2 titans
  2 Ice Fiends (Coc:7)
  2 acid blobs
  A storm dragon (Vaults:5)
  2 tengu reavers (Vaults:5)
  An azure jelly (Slime:6)
  A shadow dragon (Vaults:5)
  A ghost moth (Swamp:5)
  A draconian scorcher (Zig:8)
  A balrug (Dis:3)
  A draconian knight (Zig:13)
  A draconian zealot (Zig:13)
  3 reapers
  A frost giant (Depths:2)
  A draconian shifter (Zig:13)
  A stone giant (Depths:2)
  2 deep elf demonologists (Elf:1)
  5 dire elephants (Lair:8)
  A deep elf annihilator (Vaults:5)
  Snorg (Swamp:3)
  A blizzard demon (Coc:7)
  A vault guard (Vaults:4)
  3 death oozes (Slime:6)
  A deep elf death mage (Vaults:5)
  2 yaktaur captains (Vaults:5)
  Josephine (Swamp:1)
  A quicksilver dragon skeleton (Coc:7)
  3 ice dragons
  A spriggan air mage (Depths:5)
  An anaconda (Lair:8)
  8 hydras
  A centaur warrior (Vaults:1)
  2 dancing weapons (D:13)
  3 alligators
  A titan zombie (Coc:7)
  A tengu warrior (D:13)
  Urug (D:11)
  3 ogre magi
  A soul eater (Dis:4)
  A hell hog (Geh:5)
  A deep elf knight (D:11)
  2 unseen horrors
  6 skeletal warriors
  4 ice devils
  A hell knight (Geh:7)
  A wizard (D:11)
  2 flayed ghosts
  8 swamp dragons
  4 shambling mangroves
  3 orc knights (D:11)
  An orb spider (Spider:5)
  A hill giant (D:12)
  An oklob plant (Swamp:1)
  3 red wasps
  A wolf spider zombie (Coc:4)
  A frost giant zombie (Geh:7)
  2 orc sorcerers
  4 cyclopes
  A griffon (Lair:6)
  A wolf spider (Vaults:1)
  2 ugly things
  An iron dragon skeleton (Tar:3)
  A fire giant zombie (Dis:3)
  An elephant (Lair:8)
  A dire elephant zombie (Coc:5)
  Maurice (D:12)
  A black mamba (Lair:7)
  A centaur zombie (D:13)
  A molten gargoyle (Geh:7)
  3 water elementals
  A queen ant (Lair:8)
  2 vault sentinels
  An orange demon (Pan)
  2 gargoyles
  Psyche (D:13)
  A hellion (Geh:5)
  2 tormentors
  9 spiny frogs
  An emperor scorpion zombie (Coc:2)
  An anaconda simulacrum (Coc:7)
  A demonic crawler (Spider:5)
  A komodo dragon (Swamp:1)
  4 yaktaurs (Vaults:1)
  3 hydra zombies
  A tengu conjurer (D:13)
  2 red devils
  A blue devil (Tar:4)
  A troll (D:10)
  2 giant leeches (Swamp:5)
  9 two-headed ogres
  A freezing wraith (Zig:6)
  16 slime creatures
  2 hydra skeletons
  4 baby alligators (Swamp:5)
  4 bog bodies
  4 blink frogs (Lair:8)
  An alligator zombie (Swamp:1)
  6 ravens
  A raven (shapeshifter) (Zig:11)
  An ettin zombie (Dis:3)
  An elf zombie (Zig:6)
  A basilisk (D:12)
  A wyvern (D:11)
  A fire dragon skeleton (Geh:7)
  4 flying skulls
  A deep elf mage (D:11)
  2 wraiths
  4 shadows
  4 spriggans
  A ynoxinul (Pan)
  A chaos spawn (Zig:11)
  9 yaks
  3 hungry ghosts
  A hippogriff (D:11)
  15 vampire mosquitoes
  6 insubstantial wisps (Swamp:3)
  A hydra simulacrum (Swamp:1)
  13 swamp worms
  A wolf (Lair:3)
  2 soldier ants (Lair:8)
  9 orc warriors
  9 yellow wasps
  A sky beast (D:10)
  7 water moccasins
  A ghost crab zombie (Swamp:1)
  A necrophage (Tar:7)
  2 ice beasts
  2 phantoms
  A snapping turtle zombie (Coc:4)
  10 swamp drakes
  A boring beetle (Lair:8)
  6 centaurs
  3 big kobolds
  18 ogres
  4 crocodiles
  A brain worm (D:12)
  5 giant frogs
  A water moccasin skeleton (Swamp:1)
  23 killer bees
  2 troll zombies (D:10)
  A wyvern skeleton (D:10)
  4 wights
  A quasit (D:10)
  A giant frog zombie (D:11)
  28 orc wizards
  2 jellies
  18 worker ants
  2 centaur skeletons (D:12)
  12 orc priests
  3 hounds
  An iron imp (Dis:3)
  A giant frog skeleton (D:13)
  An iguana (Lair:3)
  4 sheep (D:13)
  2 ogre zombies (D:10)
  A mummy (Dis:3)
  A worker ant zombie (D:11)
  5 adders
  A swamp drake skeleton (Swamp:1)
  A shadow imp (Tar:7)
  5 white imps
  3 ufetubi
  A swamp drake simulacrum (Swamp:1)
  113 orcs
  6 goblins
  3 hobgoblins
  13 kobolds
  A goblin skeleton (D:10)
  4 goblin zombies (D:10)
  A hobgoblin skeleton (D:10)
  A hobgoblin zombie (D:10)
  An orc skeleton (D:10)
  5 orc zombies (D:10)
  A fungus (Swamp:1)
  A plant (Lair:7)
646 creatures vanquished.

Vanquished Creatures (others)
  A pandemonium lord (Pan)
  A quicksilver dragon (Geh:7)
  5 eldritch tentacles
  A draconian knight (Zig:13)
  A stone giant (Vaults:5)
  A draconian caller (Zig:8)
  A corrupter (Pan)
  A red draconian (Zot:2)
  8 hell hogs (Geh:7)
  2 fulminant prisms (Pan)
  A skeletal warrior (Coc:5)
  A deep elf knight (Slime:5)
  A giant orange brain (Zig:15)
  4 ball lightnings (Pan)
  A death scarab (Tomb:2)
  3 anubis guards (Tomb:3)
  5 air elementals
  A wolf spider zombie (Geh:4)
  A red wasp (Swamp:5)
  An ironbrand convoker (Vaults:4)
  An elephant (shapeshifter) (Zig:11)
  An octopode (shapeshifter) (Zig:11)
  An orange demon (Pan)
  67 water elementals
  54 fire elementals
  A troll (Depths:4)
  95 fire vortices
  A baby alligator (Swamp:5)
  A tarantella (Zig:14)
  A redback (Spider:1)
  An ettin skeleton (Geh:7)
  2 fire dragon skeletons (Geh:7)
  347 shadows
  A deep elf mage (Slime:5)
  A ynoxinul (Pan)
  15 flying skulls
  A vampire (Geh:7)
  A wraith (Geh:2)
  A neqoxec (Pan)
  A vampire mosquito (Swamp:5)
  A chaos spawn (Pan)
  An ice beast (Abyss:1)
  A large abomination (Abyss:1)
  2 spiders
  2 orc warriors
  A boring beetle (shapeshifter) (Zig:11)
  2 ogres
  7 lost souls
  A wight (Geh:4)
  A troll skeleton (Geh:7)
  An orc wizard (D:12)
  A shadow imp (Tar:3)
  A white imp (Coc:3)
  A giant mite (Tomb:2)
  3 ufetubi (Pan)
  A kobold (Abyss:1)
  A giant spore (Abyss:1)
  A lurking horror (Zig:2)
  238 blocks of ice
  A briar patch (Swamp:5)
  A butterfly (Tomb:3)
  581 eldritch tentacle segments
  8 fungi
  6 plants
  41 starspawn tentacles
  289 starspawn tentacle segments
1829 creatures vanquished.

Grand Total: 9139 creatures vanquished

Notes
Turn   | Place    | Note
--------------------------------------------------------------
     0 | D:1      | Johnny, the Human Hunter, began the quest for the Orb.
     0 | D:1      | Reached XP level 1. HP: 16/16 MP: 1/1
   209 | D:1      | Reached XP level 2. HP: 22/22 MP: 2/2
   461 | D:1      | Reached XP level 3. HP: 27/27 MP: 3/3
   807 | D:2      | Reached XP level 4. HP: 32/34 MP: 4/4
  1415 | D:3      | Reached skill level 5 in Crossbows
  1490 | D:3      | Reached XP level 5. HP: 12/40 MP: 5/5
  2529 | D:4      | Reached XP level 6. HP: 35/47 MP: 6/6
  3091 | D:4      | Found a sacrificial altar of Ru.
  3115 | D:4      | Noticed Edmund
  3140 | D:4      | Killed Edmund
  3140 | D:4      | Reached skill level 6 in Crossbows
  3140 | D:4      | Reached XP level 7. HP: 51/53 MP: 7/7
  3347 | D:4      | Found a deep blue altar of Sif Muna.
  3925 | D:5      | Entered Level 5 of the Dungeon
  4012 | D:5      | Got an ivory mace
  4013 | D:5      | Identified the +8 mace of Doom {crush, +Fly Int+1 Dex-2} (You found it on level 5 of the Dungeon)
  4015 | D:5      | Found a sparkling altar of Nemelex Xobeh.
  4178 | D:5      | Noticed a moth of wrath
  4180 | D:5      | Found a bloodstained altar of Trog.
  4419 | D:5      | Became a worshipper of Trog the Wrathful
  4471 | D:5      | Noticed Natasha
  4529 | D:5      | Killed Natasha
  4540 | D:5      | Reached XP level 8. HP: 34/61 MP: 8/8
  4657 | D:5      | Reached skill level 7 in Crossbows
  4737 | D:5      | Reached skill level 5 in Dodging
  4838 | D:5      | Noticed Natasha
  4841 | D:5      | Killed Natasha
  4863 | D:5      | Noticed Eustachio
  5066 | D:5      | Killed Eustachio
  5066 | D:5      | Reached skill level 5 in Fighting
  5260 | D:5      | Found a staircase to the Ecumenical Temple.
  5318 | D:6      | Reached skill level 8 in Crossbows
  5337 | D:6      | Acquired Trog's first power
  5396 | D:6      | Found a sand-covered staircase.
  5403 | Ossuary  | Entered an ossuary
  5448 | Ossuary  | Reached XP level 9. HP: 37/68 MP: 9/9
  5748 | Ossuary  | Reached skill level 9 in Crossbows
  6007 | D:6      | Found a burning altar of Makhleb.
  6097 | D:6      | Found a radiant altar of Vehumet.
  6122 | D:6      | Acquired Trog's second power
  6391 | D:6      | Reached skill level 10 in Crossbows
  6480 | D:6      | Reached XP level 10. HP: 75/75 MP: 10/10
  6892 | D:6      | Acquired Trog's third power
  7057 | D:6      | Found a blossoming altar of Fedhas.
  7190 | D:7      | Reached skill level 1 in Armour
  7228 | D:7      | Received a gift from Trog
  7376 | D:7      | Found a glowing golden altar of the Shining One.
  7385 | D:7      | Noticed Menkaure
  7391 | D:7      | Killed Menkaure
  8202 | D:7      | Received a gift from Trog
  8490 | D:7      | Reached skill level 11 in Crossbows
  8895 | D:8      | Received a gift from Trog
  9143 | D:8      | Reached XP level 11. HP: 83/83 MP: 11/11
  9251 | D:8      | Found Schoibix's Food Emporium.
  9272 | D:8      | Found a sacrificial altar of Ru.
  9497 | D:8      | Found a stormy altar of Qazlal.
  9499 | D:8      | Found a shimmering altar of Xom.
  9533 | D:8      | Found a glowing silver altar of Zin.
  9533 | D:8      | Found a white marble altar of Elyvilon.
  9533 | D:8      | Found a glowing golden altar of the Shining One.
  9645 | D:9      | Found a staircase to the Lair.
  9787 | Lair:1   | Entered Level 1 of the Lair of Beasts
 10095 | D:9      | Reached skill level 1 in Evocations
 10371 | Lair:1   | You fall through a shaft!
 10371 | Lair:2   | Noticed Fannar
 10397 | Lair:2   | Killed Fannar
 10423 | Lair:2   | Reached skill level 12 in Crossbows
 10620 | Lair:2   | Noticed a spriggan rider
 10631 | Lair:2   | Killed a spriggan rider
 10631 | Lair:2   | Killed a yellow wasp
 10631 | Lair:2   | Reached skill level 5 in Armour
 10757 | Lair:2   | Received a gift from Trog
 11094 | Lair:1   | Noticed Erica
 11101 | Lair:1   | Killed Erica
 11166 | Lair:1   | Found a shadowy altar of Dithmenos.
 11200 | Lair:1   | Noticed Joseph
 11212 | Lair:1   | Killed Joseph
 11674 | Lair:1   | Received a gift from Trog
 12289 | Lair:3   | Reached XP level 12. HP: 92/92 MP: 18/18
 12444 | Lair:3   | Received a gift from Trog
 12536 | Lair:3   | Noticed a seven-headed hydra
 12543 | Lair:3   | Killed a seven-headed hydra
 12854 | Lair:3   | Found a snail-covered altar of Cheibriados.
 13301 | Lair:4   | Reached skill level 13 in Crossbows
 13625 | Lair:4   | Got a faintly glowing ring mail
 13639 | Lair:4   | Identified the +1 ring mail of the Great Game {rElec} (You found it on level 4 of the Lair of Beasts)
 14321 | Lair:4   | Reached skill level 5 in Evocations
 14330 | Lair:4   | Received a gift from Trog
 14387 | Lair:4   | Noticed an eight-headed hydra
 14398 | Lair:4   | Killed an eight-headed hydra
 15195 | Lair:5   | Reached XP level 13. HP: 53/99 MP: 21/21
 15463 | Lair:5   | Noticed a four-headed hydra
 15470 | Lair:5   | Killed a four-headed hydra
 15621 | Lair:5   | Noticed a six-headed hydra
 15624 | Lair:5   | Noticed a great orb of eyes
 15624 | Lair:5   | a six-headed hydra changed into a great orb of eyes
 15629 | Lair:5   | Killed a great orb of eyes
 15629 | Lair:5   | Reached skill level 10 in Dodging
 15842 | Lair:5   | Found a staircase to the Swamp.
 16139 | Lair:6   | Received a gift from Trog
 16200 | Lair:6   | Reached skill level 10 in Fighting
 16269 | Lair:6   | Found a hole to the Spider Nest.
 16318 | Lair:6   | Reached skill level 14 in Crossbows
 17335 | D:10     | Entered Level 10 of the Dungeon
 17605 | D:10     | Found a staircase to the Orcish Mines.
 17707 | Orc:1    | Entered Level 1 of the Orcish Mines
 17781 | Orc:2    | Received a gift from Trog
 18028 | Orc:2    | Found a deep blue altar of Sif Muna.
 18141 | Orc:1    | Received a gift from Trog
 18160 | Orc:1    | Received a gift from Trog
 18444 | Orc:1    | Found a roughly hewn altar of Beogh.
 18518 | Orc:1    | Found Laimiv's Jewellery Boutique.
 18593 | Orc:3    | Paralysed by an orc sorcerer for 2 turns
 18701 | Orc:3    | Received a gift from Trog
 18831 | Orc:3    | Found a deep blue altar of Sif Muna.
 18877 | Orc:3    | Found a runed door.
 18918 | Orc:3    | Found a roughly hewn altar of Beogh.
 19177 | Orc:4    | Entered Level 4 of the Orcish Mines
 19186 | Orc:4    | Received a gift from Trog
 19186 | Orc:4    | Reached XP level 14. HP: 109/109 MP: 23/25
 19221 | Orc:4    | Noticed Nergalle
 19252 | Orc:4    | Killed Nergalle
 19269 | Orc:4    | Found a staircase to the Elven Halls.
 19435 | Orc:4    | Received a gift from Trog
 19447 | Orc:4    | Found Ypluzaog's Weapon Emporium.
 19448 | Orc:4    | Found Psintev's Jewellery Shop.
 19450 | Orc:4    | Found Frowao's Armour Emporium.
 19450 | Orc:4    | Found Yfagea's Jewellery Boutique.
 19701 | Orc:4    | Bought a +1 cloak of magic resistance for 247 gold pieces
 19701 | Orc:4    | Bought the +3 pair of boots "Sketrear" {Str+3 Int+3 Slay+6} for 964 gold pieces
 19701 | Orc:4    | Bought a +2 leather armour of poison resistance for 240 gold pieces
 19862 | Orc:4    | Found Kudod's Book Emporium.
 20321 | Orc:3    | Received a gift from Trog
 20607 | Orc:1    | Bought the ring of Qazlal's Outrage {rElec rF+ rC++ MP+9 Stlth+} for 980 gold pieces
 21237 | D:10     | Noticed Kemay's ghost (powerful OpTm)
 21268 | D:10     | Killed Kemay's ghost
 21510 | Lair:5   | Received a gift from Trog
 21641 | Lair:7   | Noticed Rupert
 21667 | Lair:7   | Paralysed by Rupert for 3 turns
 21674 | Lair:7   | Killed Rupert
 21837 | Lair:7   | Received a gift from Trog
 22179 | Lair:7   | Reached skill level 15 in Crossbows
 22634 | Lair:8   | Entered Level 8 of the Lair of Beasts
 22680 | Lair:8   | Noticed runewalsh's ghost (powerful OpTm)
 22695 | Lair:8   | Killed runewalsh's ghost
 22810 | Lair:8   | Received a gift from Trog
 22855 | Lair:8   | Found a viscous altar of Jiyva.
 22856 | Lair:8   | Found a staircase to the Slime Pits.
 22970 | Lair:8   | Reached skill level 10 in Evocations
 22980 | Lair:8   | Reached XP level 15. HP: 116/116 MP: 28/28
 23354 | Lair:8   | Received a gift from Trog
 24234 | Lair:8   | Received a gift from Trog
 24908 | Lair:8   | Got a bloodstained robe
 24919 | Lair:8   | Identified the +0 robe of Piuxkem {rN+ MR+ Int+2 Dex+2} (You found it on level 8 of the Lair of Beasts)
 25363 | Swamp:1  | Entered Level 1 of the Swamp
 25558 | Swamp:1  | Noticed Roxanne
 25961 | Swamp:1  | Received a gift from Trog
 26025 | Swamp:1  | Noticed Josephine
 26039 | Swamp:1  | Killed Josephine
 27050 | Swamp:2  | Received a gift from Trog
 27402 | Swamp:3  | Noticed a thorn hunter
 27409 | Swamp:3  | Killed a thorn hunter
 27545 | Swamp:3  | Noticed a thorn hunter
 27551 | Swamp:3  | Killed a thorn hunter
 27677 | Swamp:3  | Noticed Snorg
 27691 | Swamp:3  | Killed Snorg
 27720 | Swamp:3  | Noticed Mara
 27834 | Swamp:3  | Reached skill level 10 in Armour
 27837 | Swamp:3  | Reached XP level 16. HP: 113/124 MP: 30/30
 27921 | Swamp:3  | Noticed Johnny's illusion
 28492 | Swamp:4  | Noticed Wiglaf
 28521 | Swamp:3  | Noticed Johnny's illusion
 28574 | Swamp:5  | Entered Level 5 of the Swamp
 28717 | Swamp:5  | Noticed a storm dragon
 28717 | Swamp:5  | a four-headed hydra changed into a storm dragon
 28742 | Swamp:5  | Killed a storm dragon
 29038 | Swamp:5  | Received a gift from Trog
 29095 | Swamp:5  | Reached skill level 16 in Crossbows
 29269 | Swamp:5  | Noticed a thorn hunter
 29285 | Swamp:5  | Killed a thorn hunter
 29665 | Swamp:5  | Got a decaying rune of Zot
 29777 | Swamp:5  | Received a gift from Trog
 30943 | Orc:4    | Bought an uncursed ring of protection from magic for 425 gold pieces
 31199 | D:11     | Received a gift from Trog
 31263 | D:11     | Noticed Urug
 31273 | D:11     | Killed Urug
 32041 | D:12     | Noticed Maurice
 32048 | D:12     | Killed Maurice
 32501 | D:13     | Noticed Psyche
 32509 | D:13     | Killed Psyche
 32849 | D:13     | Found a gate to the Vaults.
 32897 | D:13     | Received a gift from Trog
 32944 | D:13     | Reached XP level 17. HP: 107/131 MP: 32/32
 33087 | D:13     | Identified a scroll of acquirement
 33157 | D:13     | Received a gift from Trog
 33160 | D:13     | Got an ancient arbalest {god gift}
 33325 | D:13     | Identified the +6 arbalest of Deformation {velocity, MR++} (Trog gifted it to you on level 13 of the Dungeon)
 33958 | Vaults:1 | Entered Level 1 of the Vaults
 34117 | Vaults:1 | Found Kloepe Team's Antique Armour Shoppe.
 34131 | Vaults:1 | Bought a crude helmet for 370 gold pieces
 34136 | Vaults:1 | Identified the +2 helmet of Cheibriados' Delight {Str+3 Int+2} (You bought it in a shop on level 1 of the Vaults)
 34141 | Vaults:1 | Noticed Jorgrun
 34153 | Vaults:1 | Killed Jorgrun
 34153 | Vaults:1 | Received a gift from Trog
 35023 | Vaults:1 | Received a gift from Trog
 35519 | Vaults:1 | Received a gift from Trog
 36013 | Vaults:1 | Received a gift from Trog
 36411 | Vaults:2 | Noticed Boris
 36843 | Spider:1 | Entered Level 1 of the Spider Nest
 36910 | Spider:1 | Received a gift from Trog
 36977 | Spider:1 | Reached XP level 18. HP: 140/140 MP: 33/33
 37608 | Spider:1 | Received a gift from Trog
 38330 | Spider:2 | Noticed Arachne
 38345 | Spider:2 | Killed Arachne
 38944 | Spider:3 | Reached skill level 17 in Crossbows
 39328 | Spider:3 | Received a gift from Trog
 39653 | Spider:4 | Received a gift from Trog
 39912 | Spider:4 | Received a gift from Trog
 40083 | Spider:4 | Noticed Asterion
 40088 | Spider:4 | Killed Asterion
 40139 | Spider:4 | Noticed Louise
 40143 | Spider:4 | Noticed Nikola
 40150 | Spider:4 | Killed Nikola
 40150 | Spider:4 | Received a gift from Trog
 40151 | Spider:4 | Killed Louise
 40669 | Spider:5 | Entered Level 5 of the Spider Nest
 40811 | Spider:5 | Reached skill level 15 in Dodging
 40932 | Spider:5 | Reached XP level 19. HP: 143/148 MP: 34/34
 40995 | Spider:5 | Received a gift from Trog
 41138 | Spider:5 | Received a gift from Trog
 41613 | Orc:4    | Bought an uncursed ring of see invisible for 255 gold pieces
 41952 | Spider:5 | Received a gift from Trog
 42055 | Spider:5 | Got a gossamer rune of Zot
 42645 | Swamp:1  | Killed Roxanne
 42933 | Swamp:3  | Noticed Johnny's illusion
 42941 | Swamp:3  | Killed Mara
 43299 | Swamp:4  | Killed Wiglaf
 43438 | Swamp:4  | Noticed a thorn hunter
 43444 | Swamp:4  | Killed a thorn hunter
 43596 | Swamp:4  | Received a gift from Trog
 44474 | Vaults:2 | Killed Boris
 44474 | Vaults:2 | Reached skill level 18 in Crossbows
 44776 | Vaults:2 | Reached XP level 20. HP: 156/156 MP: 35/35
 44908 | Vaults:2 | Noticed Aizul
 44924 | Vaults:2 | Killed Aizul
 44927 | Vaults:2 | Received a gift from Trog
 45037 | Vaults:2 | Got a coiled turquoise ring
 45039 | Vaults:2 | Identified the ring "Yrch" {MP+9 Str+3 Dex+1} (You took it off a rakshasa on level 2 of the Vaults)
 45192 | Vaults:2 | Received a gift from Trog
 45468 | Vaults:2 | Found an iron altar of Okawaru.
 46135 | Vaults:3 | Reached skill level 15 in Evocations
 46136 | Vaults:3 | Received a gift from Trog
 46322 | Vaults:3 | Found a staircase to the Crypt.
 46741 | Vaults:3 | Reached skill level 15 in Armour
 46892 | Vaults:3 | Received a gift from Trog
 47286 | Vaults:3 | Reached XP level 21. HP: 164/164 MP: 36/36
 47574 | Vaults:3 | Upgraded the game from 0.16-a0-3061-g1c4ddba to 0.16-a0-3074-gc0bb631
 47940 | Vaults:4 | Received a gift from Trog
 47972 | Vaults:4 | Received a gift from Trog
 48141 | Vaults:4 | Received a gift from Trog
 48185 | Vaults:4 | Reached skill level 19 in Crossbows
 49142 | Elf:1    | Entered Level 1 of the Elven Halls
 49149 | Elf:1    | Received a gift from Trog
 49682 | Elf:1    | Received a gift from Trog
 50672 | Elf:2    | Found a runed gate.
 50674 | Elf:2    | Found a runed gate.
 50675 | Elf:2    | Found a runed gate.
 50817 | Elf:2    | Received a gift from Trog
 50929 | Elf:2    | Received a gift from Trog
 51007 | Elf:2    | Reached XP level 22. HP: 162/171 MP: 37/37
 51773 | Elf:2    | LOCK&LOAD!
 51774 | Elf:3    | Entered Level 3 of the Elven Halls
 52082 | Elf:3    | Received a gift from Trog
 52354 | Elf:3    | Reached skill level 15 in Fighting
 52372 | Elf:3    | Reached skill level 20 in Crossbows
 52615 | Elf:3    | Received a gift from Trog
 52671 | Elf:3    | KILLING SPREE
 52714 | Elf:3    | Identified the Almanac of Harmful Execration (You found it on level 3 of the Elven Halls)
 52927 | Elf:3    | Got a distressingly furry scale mail
 52938 | Elf:3    | Identified the cursed +2 scale mail of Zyboseod {Dex+1} (You found it on level 3 of the Elven Halls)
 53047 | Elf:3    | Got a wavering brass amulet
 53049 | Elf:3    | Identified the amulet of Xom's Bemusement {rCorr Dex-2} (You took it off a deep elf sorcerer on level 3 of the Elven Halls)
 53069 | Elf:3    | Got an encrusted ring mail
 53084 | Elf:3    | Identified the +2 ring mail of Jeqeppis {rC++ Curse} (You took it off a deep elf high priest on level 3 of the Elven Halls)
 53491 | Elf:3    | Reached XP level 23. HP: 168/179 MP: 38/38
 53941 | D:14     | Received a gift from Trog
 54197 | D:14     | Found a shadowy altar of Dithmenos.
 55277 | D:15     | Entered Level 15 of the Dungeon
 55299 | D:15     | Found a staircase to the Depths.
 55442 | D:15     | Found an iron altar of Okawaru.
 55890 | Depths:1 | Entered Level 1 of the Depths
 55997 | Depths:1 | Received a gift from Trog
 56036 | Depths:1 | Found a gateway to Hell.
 56369 | Depths:1 | Found Kloruff's Pet Rocks.
 56411 | Depths:1 | Reached skill level 21 in Crossbows
 56527 | Depths:1 | Reached skill level 5 in Stealth
 56675 | Depths:1 | Received a gift from Trog
 57055 | Depths:2 | Received a gift from Trog
 57649 | Depths:2 | Found a gateway to a ziggurat.
 57796 | Depths:2 | Noticed Norris
 57811 | Depths:2 | Killed Norris
 58410 | Depths:3 | Received a gift from Trog
 58448 | Depths:3 | Reached XP level 24. HP: 93/185 MP: 38/38
 58484 | Depths:3 | Got a heavily runed cloak
 58496 | Depths:3 | Identified the +0 cloak "Cryenoan" {+Fly Int+3} (You found it on level 3 of the Depths)
 58720 | Depths:3 | Gained mutation: Your spells are a little harder to cast, but a little more powerful. [potion of mutation]
 58720 | Depths:3 | Gained mutation: Your body is slowly deteriorating. [potion of mutation]
 58720 | Depths:3 | Gained mutation: You have a pair of small horns on your head. [potion of mutation]
 58833 | Depths:2 | Lost mutation: Your spells are a little harder to cast, but a little more powerful. [potion of cure mutation]
 58833 | Depths:2 | Lost mutation: You have a pair of small horns on your head. [potion of cure mutation]
 58833 | Depths:2 | Lost mutation: Your body is slowly deteriorating. [potion of cure mutation]
 59185 | Depths:3 | Found a one-way gate leading to the halls of Pandemonium.
 59941 | Vaults:5 | Entered Level 5 of the Vaults
 60077 | Vaults:4 | Fell from the grace of Trog
 60191 | Vaults:2 | Became a worshipper of Warmaster Okawaru
 60486 | Depths:1 | Learned a level 2 spell: Blink
 60747 | Elf:1    | Learned a level 4 spell: Control Undead
 60890 | Lair:1   | Learned a level 3 spell: Flight
 60897 | Lair:1   | Learned a level 6 spell: Freezing Cloud
 61063 | Slime:1  | Entered Level 1 of the Pits of Slime
 61106 | Lair:8   | Reached skill level 1 in Necromancy
 61413 | Slime:1  | Reached skill level 1 in Translocations
 61426 | Slime:1  | Reached skill level 1 in Spellcasting
 61496 | Slime:1  | Acquired Okawaru's first power
 61496 | Slime:1  | Reached skill level 1 in Charms
 63383 | Slime:4  | Gained mutation: Armour fits poorly on your strangely shaped body. [a shining eye]
 63493 | Slime:4  | Noticed Dissolution
 63500 | Slime:4  | Killed Dissolution
 63647 | Slime:5  | Gained mutation: You are weak. (Str -2) [a shining eye]
 63970 | Slime:6  | Entered Level 6 of the Pits of Slime
 64063 | Slime:6  | Noticed the royal jelly
 64686 | Zig:1    | Entered Level 1 of a ziggurat
 64735 | Zig:2    | Entered Level 2 of a ziggurat
 64760 | Zig:3    | Entered Level 3 of a ziggurat
 64797 | Zig:3    | Got a polished chain mail
 64809 | Zig:3    | Identified the +2 chain mail "Zemipreo" {+Rage +Fly Str+2} (You found it on level 3 of a ziggurat)
 64836 | Zig:4    | Entered Level 4 of a ziggurat
 64859 | Zig:4    | Reached XP level 25. HP: 123/190 MP: 39/39
 64943 | Zig:5    | Entered Level 5 of a ziggurat
 65004 | Zig:5    | Reached XP level 26. HP: 130/197 MP: 40/40
 65093 | Zig:6    | Entered Level 6 of a ziggurat
 65099 | Zig:6    | Was placed under penance by Okawaru
 66028 | Depths:3 | Was forgiven by Okawaru
 66042 | Depths:3 | Received a gift from Okawaru
 66542 | Depths:4 | Found a one-way gate to the infinite horrors of the Abyss.
 66698 | Depths:4 | Received a gift from Okawaru
 66886 | Depths:4 | Reached skill level 5 in Spellcasting
 66894 | Depths:4 | Reached skill level 22 in Crossbows
 66894 | Depths:4 | Reached skill level 5 in Necromancy
 66990 | Depths:4 | Reached skill level 5 in Charms
 67157 | Depths:4 | Reached skill level 10 in Stealth
 67290 | Depths:4 | Reached XP level 27. HP: 205/205 MP: 40/40
 67370 | Depths:5 | Entered Level 5 of the Depths
 67710 | Depths:5 | Acquired Okawaru's second power
 67747 | Depths:5 | Was forgiven by Trog
 68210 | Depths:5 | Received a gift from Okawaru
 68318 | Depths:5 | Noticed Saint Roka
 68339 | Depths:5 | Killed Saint Roka
 68614 | Depths:5 | Found a gate to the Realm of Zot.
 68744 | Depths:5 | Noticed the Enchantress
 69731 | Vaults:1 | Bought a polished leather armour for 273 gold pieces
 69731 | Vaults:1 | Bought a warped leather armour for 273 gold pieces
 69742 | Vaults:1 | Identified the +3 leather armour of Wic Kual {Stlth+} (You bought it in a shop on level 1 of the Vaults)
 69757 | Vaults:1 | Identified the +0 leather armour "Psamyimu" {rElec rPois MR+ Slay-2} (You bought it in a shop on level 1 of the Vaults)
 70764 | Vaults:5 | Was placed under penance by Okawaru
 72305 | Depths:3 | Noticed Boris
 72313 | Depths:3 | Killed Boris
 72346 | Depths:3 | Gained mutation: Your spells are a little easier to cast, but a little less powerful. [a neqoxec]
 73461 | Vaults:2 | Was forgiven by Okawaru
 73890 | Vaults:5 | Reached skill level 10 in Necromancy
 73914 | Vaults:5 | Received a gift from Okawaru
 74295 | Vaults:5 | Received a gift from Okawaru
 74515 | Vaults:5 | Received a gift from Okawaru
 74696 | Vaults:5 | Got a silver rune of Zot
 75043 | Vaults:5 | Received a gift from Okawaru
 75185 | Vaults:5 | Got a translucent wooden ring
 75187 | Vaults:5 | Identified the ring of Mnocs {Fire Dex+3} (You took it off a vault guard on level 5 of the Vaults)
 75204 | Vaults:5 | Identified the Disquisition on Entrancing Combat Magic (You found it on level 5 of the Vaults)
 75263 | Vaults:5 | Received a gift from Okawaru
 75327 | Vaults:5 | Got a vibrating glass ring
 75459 | Vaults:5 | Learned a level 3 spell: Regeneration
 75461 | Vaults:5 | Identified the ring "Shriedietysm" {SustAb rElec} (You took it off a vault guard on level 5 of the Vaults)
 76106 | Crypt:1  | Entered Level 1 of the Crypt
 76106 | Crypt:1  | Noticed Donald
 76113 | Crypt:1  | Killed Donald
 76231 | Crypt:1  | Reached skill level 10 in Charms
 76529 | Crypt:1  | Received a gift from Okawaru
 76880 | Crypt:1  | Upgraded the game from 0.16-a0-3074-gc0bb631 to 0.16-a0-3105-gd90c058
 76881 | Crypt:2  | Noticed Xtahua
 76925 | Crypt:2  | Noticed Margery
 76943 | Crypt:2  | Killed Margery
 76950 | Crypt:2  | Received a gift from Okawaru
 77035 | Crypt:2  | Reached skill level 10 in Spellcasting
 77424 | Crypt:2  | Killed Xtahua
 77795 | Crypt:3  | Entered Level 3 of the Crypt
 78426 | Crypt:3  | Noticed Jory
 78483 | Crypt:3  | Killed Jory
 78649 | Crypt:3  | Identified the Disquisition on Changing and Intoxication
 78675 | Crypt:3  | Learned a level 5 spell: Ignite Poison
 78692 | Crypt:3  | Got a transparent quarterstaff
 78693 | Crypt:3  | Identified the -2 quarterstaff "Satecuf" {vamp, SInv} (You found it on level 3 of the Crypt)
 78847 | Crypt:3  | Found a staircase to the Tomb.
 79123 | Crypt:3  | Reached skill level 1 in Transmutations
 80004 | Orc:4    | Bought a Necronomicon for 1545 gold pieces
 80015 | Orc:4    | Learned a level 8 spell: Necromutation
 80274 | Elf:3    | Learned a level 6 spell: Iron Shot
 80291 | Elf:3    | Received a gift from Okawaru
 81274 | Slime:6  | Killed the royal jelly
 81274 | Slime:6  | Reached skill level 5 in Transmutations
 81277 | Slime:6  | Was placed under penance by Okawaru
 81954 | Slime:4  | Was forgiven by Okawaru
 82391 | Slime:6  | Lost mutation: Your spells are a little easier to cast, but a little less powerful. [potion of cure mutation]
 82391 | Slime:6  | Lost mutation: Armour fits poorly on your strangely shaped body. [potion of cure mutation]
 82391 | Slime:6  | Lost mutation: You are weak. (Str -2) [potion of cure mutation]
 82400 | Slime:6  | Got a shimmering triple sword
 82465 | Slime:6  | Identified the +1 triple sword of Ampaaher {venom, rF+ SInv} (You found it on level 6 of the Pits of Slime)
 82469 | Slime:6  | Got a blackened scale mail
 82470 | Slime:6  | Identified the cursed +5 scale mail of the Other World {Str+1 Slay+3} (You found it on level 6 of the Pits of Slime)
 82509 | Slime:6  | Got a slimy rune of Zot
 82534 | Slime:6  | Got a bloodstained scimitar
 82538 | Slime:6  | Identified the +2 scimitar "Grigearo" {antimagic, Str+2 SInv} (You found it on level 6 of the Pits of Slime)
 83121 | Depths:5 | Received a gift from Okawaru
 83162 | Depths:5 | Killed the Enchantress
 83162 | Depths:5 | Reached skill level 23 in Crossbows
 83165 | Depths:5 | Got a faerie dragon armour
 83225 | Depths:5 | Identified the +5 mottled dragon armour of Patterns {MR+} (You took it off the Enchantress on level 5 of the Depths)
 83252 | Zot:1    | Entered Level 1 of the Realm of Zot
 83499 | Zot:1    | Received a gift from Okawaru
 83987 | Zot:2    | Received a gift from Okawaru
 84189 | Zot:2    | Got a shimmering ring mail
 84190 | Zot:2    | Identified the cursed +4 ring mail of the Stars {rN+} (You found it on level 2 of the Realm of Zot)
 84229 | Zot:2    | Received a gift from Okawaru
 84932 | Zot:3    | Reached skill level 24 in Crossbows
 85396 | Zot:3    | Reached skill level 15 in Necromancy
 85508 | Zot:3    | Reached skill level 10 in Transmutations
 86059 | Zot:4    | Received a gift from Okawaru
 86634 | Zot:4    | Reached skill level 25 in Crossbows
 86771 | Zot:4    | Noticed an orb of fire
 86772 | Zot:4    | Gained mutation: You are dopey. (Int -2) [an orb of fire]
 86883 | Zot:4    | Lost mutation: You are dopey. (Int -2) [potion of cure mutation]
 87046 | Zot:4    | Killed an orb of fire
 87065 | Zot:4    | Received a gift from Okawaru
 87204 | Zot:5    | Entered Level 5 of the Realm of Zot
 87361 | Zot:5    | Received a gift from Okawaru
 87407 | Zot:5    | Noticed an ancient lich
 87411 | Zot:5    | Killed an ancient lich
 87411 | Zot:5    | Received a gift from Okawaru
 87420 | Zot:5    | Got a faintly glowing arbalest {god gift}
 87421 | Zot:5    | Identified the +4 arbalest of War {flame, Stlth+} (Okawaru gifted it to you on level 5 of the Realm of Zot)
 87460 | Zot:5    | Noticed an orb of fire
 87460 | Zot:5    | Noticed an orb of fire
 87466 | Zot:5    | Noticed an ancient lich
 87466 | Zot:5    | Noticed an orb of fire
 87474 | Zot:5    | Noticed an orb of fire
 87474 | Zot:5    | Killed an orb of fire
 87661 | Zot:5    | Killed an ancient lich
 87757 | Zot:5    | Killed an orb of fire
 87841 | Zot:5    | Noticed an ancient lich
 87844 | Zot:5    | Killed an ancient lich
 87897 | Zot:5    | Noticed an orb of fire
 87901 | Zot:5    | Killed an orb of fire
 87949 | Zot:5    | Received a gift from Okawaru
 88040 | Zot:5    | Killed an orb of fire
 88076 | Zot:5    | Noticed an ancient lich
 88091 | Zot:5    | Cast into the Abyss (an ancient lich)
 88130 | Abyss:1  | Paralysed by accursed screaming for 1 turns
 88225 | Abyss:1  | Identified the Compendium of the Frostbite
 88257 | Abyss:1  | Found a corrupted altar of Lugonu.
 88726 | Abyss:1  | Found a corrupted altar of Lugonu.
 89052 | Abyss:1  | Received a gift from Okawaru
 89351 | Abyss:1  | Reached skill level 15 in Transmutations
 89385 | Abyss:1  | Paralysed by a lich for 5 turns
 90209 | Abyss:1  | Received a gift from Okawaru
 90358 | Zot:5    | Escaped the Abyss
 90362 | Zot:5    | Killed an ancient lich
 90400 | Zot:5    | Noticed an ancient lich
 90405 | Zot:5    | Killed an ancient lich
 90519 | Zot:5    | Noticed an ancient lich
 90527 | Zot:5    | Killed an ancient lich
 90593 | Zot:5    | Noticed an orb of fire
 90599 | Zot:5    | Killed an orb of fire
 90792 | Zot:5    | Noticed an orb of fire
 90795 | Zot:5    | Killed an orb of fire
 91035 | Zot:5    | Killed an orb of fire
 91084 | Zot:5    | Noticed an orb of fire
 91313 | Zot:3    | Received a gift from Okawaru
 91710 | Zot:2    | Got a faintly humming robe {god gift}
 91722 | Zot:2    | Identified the +0 robe of Monotheism {rN+} (Okawaru gifted it to you on level 2 of the Realm of Zot)
 92346 | Tomb:1   | Entered Level 1 of the Tomb of the Ancients
 92507 | Tomb:1   | Got a fine leather armour
 92613 | Tomb:1   | Identified the +0 leather armour of the Pink Corner {Str+1 Int+2} (You found it on level 1 of the Tomb of the Ancients)
 92796 | Tomb:1   | Noticed a greater mummy
 92803 | Tomb:1   | Killed a greater mummy
 92803 | Tomb:1   | Received a gift from Okawaru
 93108 | Tomb:1   | Noticed an ancient lich
 93117 | Tomb:1   | Killed an ancient lich
 93140 | Tomb:1   | Noticed an ancient lich
 93146 | Tomb:1   | Killed an ancient lich
 93164 | Tomb:1   | Noticed a greater mummy
 93169 | Tomb:1   | Killed a greater mummy
 93178 | Tomb:1   | Cast into the Abyss (a lich)
 93216 | Abyss:1  | Found a corrupted altar of Lugonu.
 93231 | Abyss:1  | Lost intelligence.
 93886 | Abyss:1  | Received a gift from Okawaru
 95264 | Abyss:1  | Identified Qeohoh's Collected Works on the Entourage (You found it on level 1 of the Abyss)
 95268 | Abyss:1  | Received a gift from Okawaru
 95496 | Abyss:1  | Found a corrupted altar of Lugonu.
 95547 | Abyss:1  | Found a corrupted altar of Lugonu.
 96027 | Abyss:1  | Found a sacrificial altar of Ru.
 96098 | Tomb:1   | Escaped the Abyss
 96382 | Tomb:2   | Noticed a greater mummy
 96383 | Tomb:2   | Noticed a greater mummy
 96384 | Tomb:2   | Noticed an ancient lich
 96491 | Tomb:2   | Noticed a greater mummy
 96603 | Tomb:1   | Killed a greater mummy
 96620 | Tomb:1   | Killed an ancient lich
 96620 | Tomb:1   | Received a gift from Okawaru
 96733 | Tomb:2   | Killed a greater mummy
 96733 | Tomb:2   | Received a gift from Okawaru
 96739 | Tomb:2   | Killed a greater mummy
 97193 | Tomb:1   | Noticed a greater mummy
 97193 | Tomb:1   | Noticed a greater mummy
 97198 | Tomb:1   | Killed a greater mummy
 97198 | Tomb:1   | Received a gift from Okawaru
 97209 | Tomb:1   | Killed a greater mummy
 97252 | Tomb:1   | Noticed a greater mummy
 97264 | Tomb:1   | Killed a greater mummy
 97266 | Tomb:1   | Noticed a greater mummy
 97273 | Tomb:1   | Killed a greater mummy
 97305 | Tomb:1   | Noticed a greater mummy
 97312 | Tomb:1   | Noticed a greater mummy
 97312 | Tomb:1   | Killed a greater mummy
 97312 | Tomb:1   | Received a gift from Okawaru
 97321 | Tomb:1   | Killed a greater mummy
 97326 | Tomb:1   | Noticed a greater mummy
 97334 | Tomb:1   | Killed a greater mummy
 97334 | Tomb:1   | Reached skill level 26 in Crossbows
 97345 | Tomb:1   | Got a twisted arbalest {god gift}
 97407 | Tomb:1   | Noticed a greater mummy
 97407 | Tomb:1   | Noticed a greater mummy
 97420 | Tomb:1   | Killed a greater mummy
 97422 | Tomb:1   | Killed a greater mummy
 97424 | Tomb:1   | Noticed a greater mummy
 97439 | Tomb:1   | Killed a greater mummy
 97520 | Tomb:1   | Noticed a greater mummy
 97525 | Tomb:1   | Killed a greater mummy
 97530 | Tomb:1   | Noticed a greater mummy
 97535 | Tomb:1   | Killed a greater mummy
 97549 | Tomb:1   | Noticed a greater mummy
 97552 | Tomb:1   | Noticed a greater mummy
 97554 | Tomb:1   | Noticed a greater mummy
 97570 | Tomb:1   | Killed a greater mummy
 97602 | Tomb:1   | Killed a greater mummy
 97645 | Tomb:1   | Noticed a greater mummy
 97682 | Tomb:1   | Killed a greater mummy
 97682 | Tomb:1   | Received a gift from Okawaru
 97689 | Tomb:1   | Noticed a greater mummy
 97689 | Tomb:1   | Killed a greater mummy
 97699 | Tomb:1   | Killed a greater mummy
 97849 | Tomb:1   | Received a gift from Okawaru
 98136 | Tomb:3   | Entered Level 3 of the Tomb of the Ancients
 98258 | Tomb:3   | Noticed a greater mummy
 98262 | Tomb:3   | Received a gift from Okawaru
 98263 | Tomb:3   | Noticed a greater mummy
 98265 | Tomb:3   | Noticed a greater mummy
 98402 | Tomb:3   | Noticed a greater mummy
 98504 | Tomb:3   | Killed a greater mummy
 98504 | Tomb:3   | Received a gift from Okawaru
 98635 | Tomb:3   | Killed a greater mummy
 98640 | Tomb:3   | Killed a greater mummy
 98640 | Tomb:3   | Received a gift from Okawaru
 98653 | Tomb:3   | Killed a greater mummy
 98904 | Tomb:3   | Noticed runewalsh's ghost (legendary OpTm)
 98927 | Tomb:3   | Killed runewalsh's ghost
 98927 | Tomb:3   | Received a gift from Okawaru
 99049 | Tomb:3   | Identified the cursed +10 arbalest of Linearity {velocity, rF++ MR++ SInv} (Okawaru gifted it to you on level 1 of the Tomb of the Ancients)
 99060 | Tomb:3   | Got a pair of bloodstained gloves
 99071 | Tomb:3   | Identified the cursed +0 pair of gloves "Tefa" {SInv} (You found it on level 3 of the Tomb of the Ancients)
 99105 | Tomb:3   | Identified the Collected Works on the Compass (You found it on level 3 of the Tomb of the Ancients)
 99131 | Tomb:3   | Noticed a greater mummy
 99145 | Tomb:3   | Killed a greater mummy
 99198 | Tomb:3   | Noticed a greater mummy
 99208 | Tomb:3   | Killed a greater mummy
 99208 | Tomb:3   | Received a gift from Okawaru
 99213 | Tomb:3   | Noticed a greater mummy
 99226 | Tomb:3   | Killed a greater mummy
 99304 | Tomb:3   | Noticed a greater mummy
 99315 | Tomb:3   | Killed a greater mummy
 99458 | Tomb:3   | Got a golden rune of Zot
 99480 | Tomb:3   | Noticed a greater mummy
 99490 | Tomb:3   | Killed a greater mummy
100608 | Orc:4    | Bought a book of Dreams for 1050 gold pieces
100608 | Orc:4    | Bought a book of Annihilations for 1545 gold pieces
100614 | Orc:4    | Learned a level 5 spell: Phase Shift
101019 | Pan      | Entered Pandemonium
101019 | Pan      | Noticed Shyacs the pandemonium lord
101026 | Pan      | Killed Shyacs the pandemonium lord
101169 | Pan      | Found an exit through the horrors of the Abyss.
102239 | Pan      | Noticed Xouc the pandemonium lord
102263 | Pan      | Noticed Mennas
102264 | Pan      | Killed Xouc the pandemonium lord
102297 | Pan      | Found an exit through the horrors of the Abyss.
102432 | Pan      | Killed Mennas
102602 | Pan      | Received a gift from Okawaru
102628 | Pan      | Noticed Vacysh the pandemonium lord
102685 | Pan      | Reached skill level 27 in Crossbows
102741 | Pan      | Killed Vacysh the pandemonium lord
102845 | Pan      | Found an exit through the horrors of the Abyss.
102910 | Pan      | Reached skill level 1 in Ice Magic
103423 | Pan      | Got a bloodstained scale mail
103434 | Pan      | Identified the cursed -4 scale mail of the Arcane {rN+} (You found it in Pandemonium)
103549 | Pan      | Found an exit through the horrors of the Abyss.
103630 | Pan      | Paralysed by a putrid chaos champion for 7 turns
103880 | Pan      | Reached skill level 1 in Conjurations
104006 | Pan      | Received a gift from Okawaru
104015 | Pan      | Got an ancient cloak {god gift}
104017 | Pan      | Identified the -4 cloak of Love and Death {rN+ Int+4 SInv} (Okawaru gifted it to you in Pandemonium)
104042 | Pan      | Noticed Mnust the pandemonium lord
104047 | Pan      | Killed Mnust the pandemonium lord
104217 | Pan      | Found an exit through the horrors of the Abyss.
104344 | Pan      | Reached skill level 5 in Ice Magic
104829 | Pan      | Noticed Waral the pandemonium lord
104834 | Pan      | Killed Waral the pandemonium lord
104836 | Pan      | Reached skill level 5 in Conjurations
105335 | Pan      | Found a glowing silver altar of Zin.
105525 | Pan      | Received a gift from Okawaru
105698 | Pan      | Received a gift from Okawaru
105705 | Pan      | Got a crude plate armour {god gift}
105716 | Pan      | Identified the -5 plate armour of Aremu {rC+ Dex+2} (Okawaru gifted it to you in Pandemonium)
105860 | Pan      | Found a white marble altar of Elyvilon.
106589 | Pan      | Found a glowing golden altar of the Shining One.
106600 | Pan      | Noticed a seraph
106608 | Pan      | Killed a seraph
106608 | Pan      | Reached skill level 10 in Ice Magic
106671 | Pan      | Got a slimy leather armour
106675 | Pan      | Got a demonic rune of Zot
106684 | Pan      | Identified the +3 leather armour of Hairiness {Str+4 Dex+3 Stlth+} (You found it in Pandemonium)
106948 | Pan      | Received a gift from Okawaru
106988 | Pan      | Got an ivory arbalest {god gift}
106989 | Pan      | Identified the +6 arbalest of Dishonesty {penet, Str+3} (Okawaru gifted it to you in Pandemonium)
107012 | Pan      | Reached skill level 10 in Conjurations
107428 | Pan      | Found an exit through the horrors of the Abyss.
107625 | Pan      | Noticed Coiporr the pandemonium lord
107631 | Pan      | Killed Coiporr the pandemonium lord
107631 | Pan      | Received a gift from Okawaru
107668 | Pan      | Received a gift from Okawaru
107691 | Pan      | Entered the realm of Mnoleg.
107691 | Pan      | Noticed Mnoleg
107747 | Pan      | Found an exit through the horrors of the Abyss.
107997 | Pan      | Received a gift from Okawaru
108011 | Pan      | Learned a level 9 spell: Glaciate
108115 | Pan      | Killed Mnoleg
108167 | Pan      | Received a gift from Okawaru
108236 | Pan      | Got a glowing rune of Zot
108538 | Pan      | Received a gift from Okawaru
108752 | Pan      | Paralysed by you for 3 turns
108829 | Pan      | Noticed Zin Ror the pandemonium lord
108834 | Pan      | Killed Zin Ror the pandemonium lord
109053 | Pan      | Noticed Jiciuggo the pandemonium lord
109063 | Pan      | Killed Jiciuggo the pandemonium lord
109411 | Pan      | Noticed Pnar the pandemonium lord
109422 | Pan      | Killed Pnar the pandemonium lord
109647 | Pan      | Found an exit through the horrors of the Abyss.
109717 | Pan      | Got a distressingly furry plate armour
109786 | Pan      | Identified the +3 plate armour of the Present {Int+4 Dex-2} (You found it in Pandemonium)
109795 | Pan      | Received a gift from Okawaru
109801 | Pan      | Got a sheer robe
109807 | Pan      | Identified the +2 robe "Paizer" {Str+2 Int-4} (You found it in Pandemonium)
109940 | Pan      | Found a huge runed gate.
109992 | Pan      | Received a gift from Okawaru
110129 | Pan      | Noticed Voggara the pandemonium lord
110130 | Pan      | Reached skill level 15 in Ice Magic
110141 | Pan      | Killed Voggara the pandemonium lord
110217 | Pan      | Noticed Inluovir the pandemonium lord
110242 | Pan      | Killed Inluovir the pandemonium lord
110485 | Pan      | Noticed Scheugyiv the pandemonium lord
110490 | Pan      | Killed Scheugyiv the pandemonium lord
110490 | Pan      | Reached skill level 15 in Conjurations
110571 | Pan      | Got a crude scale mail
110582 | Pan      | Identified the cursed +5 scale mail of Miracles {Str+2 Dex+3} (You found it in Pandemonium)
110606 | Pan      | Found an exit through the horrors of the Abyss.
110882 | Pan      | Noticed Udaelyn the pandemonium lord
110894 | Pan      | Killed Udaelyn the pandemonium lord
111124 | Pan      | Found an exit through the horrors of the Abyss.
111164 | Pan      | Found a runed door.
111241 | Pan      | Noticed Bronk the pandemonium lord
111247 | Pan      | Killed Bronk the pandemonium lord
111347 | Pan      | Received a gift from Okawaru
111419 | Pan      | Found an exit through the horrors of the Abyss.
111521 | Pan      | Found a huge runed gate.
111562 | Pan      | Noticed Reties the pandemonium lord
111571 | Pan      | Killed Reties the pandemonium lord
111603 | Pan      | Entered the realm of Lom Lobon.
111902 | Pan      | Noticed Lom Lobon
112384 | Pan      | Killed Lom Lobon
112469 | Pan      | Got a magical rune of Zot
112931 | Pan      | Found an exit through the horrors of the Abyss.
113012 | Pan      | Found a huge runed gate.
113037 | Pan      | Received a gift from Okawaru
113062 | Pan      | Noticed Fitz the pandemonium lord
113071 | Pan      | Killed Fitz the pandemonium lord
113101 | Pan      | Noticed Ymuso the pandemonium lord
113106 | Pan      | Killed Ymuso the pandemonium lord
113106 | Pan      | Received a gift from Okawaru
113202 | Pan      | Noticed Kest the pandemonium lord
113211 | Pan      | Killed Kest the pandemonium lord
113211 | Pan      | Received a gift from Okawaru
113256 | Pan      | Identified Qavoec's Collected Works on Conjuration and Ignition
113458 | Pan      | Noticed Joziel the pandemonium lord
113474 | Pan      | Killed Joziel the pandemonium lord
113480 | Pan      | Received a gift from Okawaru
113570 | Pan      | Got a pair of ichor-stained gloves {god gift}
113571 | Pan      | Identified the +0 pair of gloves of the Stars {rF+ SInv} (Okawaru gifted it to you in Pandemonium)
113816 | Pan      | Noticed Khetujie the pandemonium lord
113827 | Pan      | Killed Khetujie the pandemonium lord
113949 | Pan      | Got a slimy chain mail
113961 | Pan      | Identified the cursed +5 chain mail of the Eternal Void {Str+3 Dex+2} (You found it in Pandemonium)
114132 | Pan      | Found an exit through the horrors of the Abyss.
114572 | Pan      | Noticed Fru Smacs the pandemonium lord
114582 | Pan      | Killed Fru Smacs the pandemonium lord
114595 | Pan      | Received a gift from Okawaru
114658 | Pan      | Got a transparent turquoise ring
114661 | Pan      | Identified the cursed ring "Vubudeegh" {+cTele Slay+3} (You found it in Pandemonium)
114673 | Pan      | Noticed Shroefine the pandemonium lord
114685 | Pan      | Killed Shroefine the pandemonium lord
114853 | Pan      | Entered the realm of Gloorx Vloq.
115010 | Pan      | Found a gateway to a ziggurat.
115050 | Pan      | Found an exit through the horrors of the Abyss.
115362 | Pan      | Received a gift from Okawaru
115656 | Pan      | Noticed Gloorx Vloq
116002 | Zig:1    | Entered Level 1 of a ziggurat
116031 | Zig:2    | Entered Level 2 of a ziggurat
116210 | Zig:3    | Entered Level 3 of a ziggurat
116281 | Zig:4    | Entered Level 4 of a ziggurat
116339 | Zig:5    | Entered Level 5 of a ziggurat
116421 | Zig:5    | Identified the Volume of Augmentations and Air (You found it on level 5 of a ziggurat)
116423 | Zig:5    | Got a translucent hand crossbow
116429 | Zig:5    | Identified the +8 hand crossbow of Distraction {penet, rC+} (You found it on level 5 of a ziggurat)
116453 | Zig:6    | Entered Level 6 of a ziggurat
116504 | Zig:6    | Got a twitching ivory amulet
116527 | Zig:6    | Got an ancient arbalest
116528 | Zig:6    | Identified the cursed +0 arbalest "Blyrgh" {flame, -Cast rF++} (You found it on level 6 of a ziggurat)
116615 | Zig:7    | Entered Level 7 of a ziggurat
116702 | Zig:7    | Identified the amulet of Hiuzyod {rCorr +Fly rElec rF+} (You found it on level 6 of a ziggurat)
116711 | Zig:8    | Entered Level 8 of a ziggurat
116931 | Zig:9    | Entered Level 9 of a ziggurat
117315 | Zig:10   | Entered Level 10 of a ziggurat
117470 | Zig:11   | Entered Level 11 of a ziggurat
117486 | Zig:11   | Noticed Cri Skir the pandemonium lord
117486 | Zig:11   | Noticed Otoisif the pandemonium lord
117490 | Zig:11   | Noticed Phiahuiti the pandemonium lord
117506 | Zig:11   | Killed Otoisif the pandemonium lord
117506 | Zig:11   | Killed Cri Skir the pandemonium lord
117509 | Zig:11   | Killed Phiahuiti the pandemonium lord
117631 | Zig:12   | Entered Level 12 of a ziggurat
117643 | Zig:12   | Received a gift from Okawaru
117681 | Zig:12   | Got a smoking glass ring
117689 | Zig:12   | Identified the Handbook of Beguiling
117694 | Zig:12   | Identified the ring of Rayneor {rF+ Int+4} (You found it on level 12 of a ziggurat)
117745 | Zig:13   | Entered Level 13 of a ziggurat
117895 | Zig:13   | Identified the Almanac of Feathery Enchantment (You found it on level 13 of a ziggurat)
117897 | Zig:13   | Got a bloodstained plate armour
117899 | Zig:13   | Got a polished fire dragon armour
117907 | Zig:13   | Got a transparent hand crossbow
117910 | Zig:13   | Identified the +5 hand crossbow of Guilt {speed, rF++ Int+4 Dex+2} (You found it on level 13 of a ziggurat)
117923 | Zig:13   | Identified the cursed -5 fire dragon armour "Grovvine" {rPois rF++ rC-} (You found it on level 13 of a ziggurat)
117934 | Zig:13   | Identified the +0 plate armour of Wiysch {Int+4 Dex+2} (You found it on level 13 of a ziggurat)
117998 | Zig:14   | Entered Level 14 of a ziggurat
118034 | Zig:14   | Received a gift from Okawaru
118070 | Zig:14   | Received a gift from Okawaru
118264 | Zig:14   | Got a heavily runed bone amulet
118273 | Zig:14   | Got a fine turquoise ring
118281 | Zig:14   | Identified the amulet of Kofeck {Clar -Cast rN+ MR+ Str+2 SInv} (You found it on level 14 of a ziggurat)
118283 | Zig:14   | Identified the ring "Jeateim" {rN+ Int+3 Dex+3} (You found it on level 14 of a ziggurat)
118318 | Zig:15   | Entered Level 15 of a ziggurat
118330 | Zig:15   | Noticed Guesaj the pandemonium lord
118586 | Pan      | Killed Gloorx Vloq
118626 | Pan      | Got a dark rune of Zot
118864 | Pan      | Entered the realm of Cerebov.
118930 | Pan      | Found an exit through the horrors of the Abyss.
119051 | Pan      | Noticed Cerebov
119433 | Pan      | Got a transparent silver ring
119483 | Pan      | Killed Cerebov
119483 | Pan      | Received a gift from Okawaru
119604 | Pan      | Got a fiery rune of Zot
119619 | Pan      | Identified the ring "Stigrala" {rC+ Dex+1 Stlth++} (You took it off a balrug in Pandemonium)
119627 | Pan      | Got a glittering ivory ring
119629 | Pan      | Identified the ring "Letunum" {rF+ Int+5} (You found it in Pandemonium)
119692 | Pan      | Learned a level 5 spell: Dispel Undead
119694 | Pan      | Got a smoking plate armour
119705 | Pan      | Identified the +10 plate armour of Puunukev {rC+} (You found it in Pandemonium)
119717 | Pan      | Got a fine hand crossbow
119718 | Pan      | Identified the +5 hand crossbow "Demonbane" {flame, +Inv rPois rN+} (You found it in Pandemonium)
119950 | Pan      | Took an exit into the Abyss.
119950 | Abyss:1  | Escaped into the Abyss
119958 | Abyss:1  | Found a corrupted altar of Lugonu.
119959 | Abyss:1  | Found a corrupted altar of Lugonu.
120070 | Abyss:1  | Learned a level 9 spell: Fire Storm
120074 | Abyss:1  | Reached skill level 1 in Fire Magic
120137 | Abyss:1  | Paralysed by accursed screaming for 1 turns
120406 | Abyss:1  | Found a corrupted altar of Lugonu.
120437 | Abyss:1  | Found an ancient bone altar of Kikubaaqudgha.
120924 | Abyss:1  | Found a corrupted altar of Lugonu.
121551 | Abyss:1  | Reached skill level 5 in Fire Magic
122404 | Abyss:5  | Entered Level 5 of the Abyss
122644 | Abyss:5  | Received a gift from Okawaru
122936 | Abyss:5  | Got an abyssal rune of Zot
122949 | Abyss:5  | Identified the Disquisition on Evil Beguiling (You found it on level 5 of the Abyss)
122968 | Depths:3 | Escaped the Abyss
122994 | Depths:3 | Learned a level 6 spell: Haste
123105 | Depths:4 | Gained mutation: You are partially covered in slimy green scales (AC +2). [potion of beneficial mutation]
123115 | Hell     | Entered the Vestibule of Hell
123115 | Hell     | Noticed Geryon
123127 | Hell     | Killed Geryon
124542 | D:14     | Received a gift from Okawaru
124614 | Hell     | Reached skill level 10 in Fire Magic
124624 | Hell     | Found a gateway to the freezing wastes of Cocytus.
124655 | Hell     | Found a gateway to the ashen valley of Gehenna.
124659 | Hell     | Received a gift from Okawaru
124785 | Hell     | Found a gateway to the decaying netherworld of Tartarus.
124795 | Tar:1    | Entered Level 1 of Tartarus
125486 | Tar:7    | Entered Level 7 of Tartarus
125638 | Tar:7    | Received a gift from Okawaru
125828 | Tar:7    | Received a gift from Okawaru
125982 | Tar:7    | Noticed an ancient lich
125998 | Tar:7    | Killed an ancient lich
126242 | Tar:7    | Noticed Ereshkigal
126338 | Tar:7    | Killed Ereshkigal
126338 | Tar:7    | Received a gift from Okawaru
126389 | Tar:7    | Got a bone rune of Zot
126506 | Tar:7    | Noticed an ancient lich
126509 | Tar:7    | Killed an ancient lich
126521 | Tar:7    | Noticed an ancient lich
126524 | Tar:7    | Killed an ancient lich
126538 | Tar:7    | Got a twitching glass ring
126540 | Tar:7    | Identified the ring "Pneag" {rF+ rC+ Slay+3} (You found it on level 7 of Tartarus)
126566 | Tar:7    | Noticed an ancient lich
126570 | Tar:7    | Killed an ancient lich
126724 | Tar:7    | Got a jewelled scale mail
126738 | Tar:7    | Identified the +2 scale mail of Objectivity {Dex+5} (You found it on level 7 of Tartarus)
127194 | Geh:1    | Entered Level 1 of Gehenna
127760 | Geh:3    | Reached skill level 15 in Fire Magic
127761 | Geh:3    | Received a gift from Okawaru
127921 | Geh:3    | Received a gift from Okawaru
128416 | Geh:5    | Received a gift from Okawaru
128759 | Geh:7    | Entered Level 7 of Gehenna
128777 | Geh:7    | Received a gift from Okawaru
128824 | Geh:7    | Noticed the Serpent of Hell
128864 | Geh:7    | Received a gift from Okawaru
128891 | Geh:7    | Noticed MackTheKnife's ghost (mighty MiBe)
128899 | Geh:7    | HP: 10/212 [hellion/burst of hellfire (25)]
128991 | Geh:7    | Gained mutation: You can breathe flames. [potion of beneficial mutation]
129574 | Geh:7    | Killed MackTheKnife's ghost
130070 | Geh:7    | Killed the Serpent of Hell
130070 | Geh:7    | Received a gift from Okawaru
130118 | Geh:7    | Received a gift from Okawaru
130515 | Geh:7    | Received a gift from Okawaru
130606 | Geh:7    | Noticed Asmodeus
130621 | Geh:7    | Killed Asmodeus
130621 | Geh:7    | Received a gift from Okawaru
130638 | Geh:7    | Got an obsidian rune of Zot
130661 | Geh:7    | Received a gift from Okawaru
130963 | Hell     | Found a gateway to the Iron City of Dis.
130994 | Hell     | Upgraded the game from 0.16-a0-3105-gd90c058 to 0.16-a0-3115-g4870798
131040 | Coc:1    | Entered Level 1 of Cocytus
131550 | Coc:4    | Received a gift from Okawaru
131775 | Coc:5    | Reached skill level 27 in Conjurations
132091 | Coc:6    | Received a gift from Okawaru
132217 | Coc:7    | Entered Level 7 of Cocytus
132954 | Coc:7    | Received a gift from Okawaru
133636 | Coc:7    | Noticed Antaeus
134006 | Coc:7    | Killed Antaeus
134034 | Coc:7    | Got an icy rune of Zot
134036 | Coc:7    | Got a steaming chain mail
134047 | Coc:7    | Identified the +7 chain mail "Clautism" {rF+ Dex+2} (You found it on level 7 of Cocytus)
134069 | Coc:7    | Identified the Catalogue of Weightlessness and Confrontation
134195 | Dis:1    | Entered Level 1 of the Iron City of Dis
135324 | Dis:3    | Received a gift from Okawaru
135328 | Dis:3    | Got a translucent arbalest {god gift}
135753 | Dis:3    | Reached skill level 15 in Spellcasting
136283 | Hell     | Identified the +9 arbalest "Qakabb" {elec, rElec MR+ Int-1 Stlth+} (Okawaru gifted it to you on level 3 of the Iron City of Dis)
136985 | Dis:4    | Received a gift from Okawaru
137111 | Dis:7    | Entered Level 7 of the Iron City of Dis
137224 | Dis:7    | Received a gift from Okawaru
137295 | Dis:7    | Killed from afar by a Hell Sentinel

Action                   |  1- 3 |  4- 6 |  7- 9 | 10-12 | 13-15 | 16-18 | 19-21 | 22-24 | 25-27 || total
-------------------------+-------+-------+-------+-------+-------+-------+-------+-------+-------++-------
Melee: Short sword       |       |    58 |       |       |       |       |       |       |       ||    58
       Flail             |       |    63 |       |       |       |       |       |       |       ||    63
       Dagger            |       |     2 |   143 |       |       |       |       |       |       ||   145
       Mace              |       |       |   237 |   125 |    97 |     4 |       |       |       ||   463
       Arbalest          |       |       |       |       |       |     4 |       |       |     3 ||     7
       Great sword       |       |       |       |       |       |       |       |       |   145 ||   145
 Fire: Hand crossbow     |    53 |    51 |   129 |   632 |       |       |       |       |    18 ||   883
       Arbalest          |       |       |       |   189 |   620 |   580 |  1166 |  1435 |  1412 ||  5402
       Triple crossbow   |       |       |       |       |    52 |   379 |   185 |    47 |  7446 ||  8109
 Cast: Blink             |       |       |       |       |       |       |       |    15 |   177 ||   192
       Control Undead    |       |       |       |       |       |       |       |       |    10 ||    10
       Necromutation     |       |       |       |       |       |       |       |       |   448 ||   448
       Glaciate          |       |       |       |       |       |       |       |       |   275 ||   275
       Dispel Undead     |       |       |       |       |       |       |       |       |   240 ||   240
       Regeneration      |       |       |       |       |       |       |       |       |   210 ||   210
       Fire Storm        |       |       |       |       |       |       |       |       |    75 ||    75
       Flight            |       |       |       |       |       |       |       |       |    56 ||    56
       Haste             |       |       |       |       |       |       |       |       |    16 ||    16
       Phase Shift       |       |       |       |       |       |       |       |       |     2 ||     2
Invok: Trog's Hand       |       |       |       |     1 |     3 |     6 |     2 |     2 |       ||    14
       Brothers in Arms  |       |       |       |     1 |     2 |       |       |     1 |       ||     4
       Renounce Religion |       |       |       |       |       |       |       |     1 |       ||     1
       Heroism           |       |       |       |       |       |       |       |       |     7 ||     7
       Finesse           |       |       |       |       |       |       |       |       |     3 ||     3
 Abil: Evoke Flight      |       |       |       |       |       |       |     2 |       |       ||     2
       End Transformatio |       |       |       |       |       |       |       |       |    68 ||    68
Evoke: Wand              |       |       |       |     3 |    19 |    26 |     1 |     3 |   109 ||   161
       Phantom mirror    |       |       |       |       |     1 |       |       |       |     4 ||     5
       Lamp of fire      |       |       |       |       |       |     1 |     2 |     1 |    26 ||    30
       Phial of floods   |       |       |       |       |       |       |       |     1 |    34 ||    35
       Crystal ball of e |       |       |       |       |       |       |       |       |   276 ||   276
       Fan of gales      |       |       |       |       |       |       |       |       |     6 ||     6
  Use: Scroll            |       |       |     8 |    13 |    21 |    24 |    14 |    14 |   104 ||   198
       Potion            |       |       |     2 |     2 |     2 |     8 |       |     8 |   120 ||   142
 Stab: Sleeping          |       |       |       |       |       |       |       |       |     1 ||     1
  Eat: Chunk             |       |     6 |    14 |    28 |    28 |    29 |    14 |    16 |    25 ||   160
       Beef jerky        |       |       |     2 |       |     2 |     4 |     1 |     1 |    13 ||    23
       Fruit             |       |       |       |     7 |     6 |     4 |     6 |    26 |    41 ||    90
       Pizza             |       |       |       |       |     4 |     1 |     1 |       |     5 ||    11
       Meat ration       |       |       |       |       |     1 |     1 |     3 |     2 |    16 ||    23
       Royal jelly       |       |       |       |       |       |     2 |     1 |     1 |     7 ||    11
       Bread ration      |       |       |       |       |       |       |       |       |    11 ||    11
